 Dungeon Crawl Stone Soup version 0.23-a0-386-g9c9d49f (webtiles) character file.

1383 TrumpTheGenius the Tainter (level 8, -3/51 HPs)
             Began as an Octopode Venom Mage on Oct 28, 2018.
             Slain by an ice beast (8 damage)
             ... on level 4 of the Dungeon.
             The game lasted 00:20:04 (8660 turns).

TrumpTheGenius the Tainter (Octopode Venom Mage)    Turns: 8660, Time: 00:20:04

Health: -3/51      AC:  2    Str:  7    XL:     8   Next: 67%
Magic:  16/16      EV: 13    Int: 17    God:
Gold:   291        SH:  0    Dex: 15    Spells: 11/18 levels left

rFire    + . .     SeeInvis .   t - +5 scythe (protect)
rCold    . . .     Gourm    .   (shield currently unavailable)
rNeg     . . .     Faith    .   j - +1 hat
rPois    .         Spirit   .   v - amulet of rage
rElec    .         Reflect  .   l - ring of protection from fire
rCorr    .         Harm     .   (no ring)
MR       .....                  (no ring)
Stlth    +++.......             (no ring)
HPRegen  0.17/turn              (no ring)
MPRegen  0.15/turn              (no ring)
                                (no ring)
                                (no ring)

@: no status effects
A: almost no armour, stealthy swim, amphibious, 8 rings, constrict 8, camouflage
1, gelatinous body 1
a: Evoke Berserk Rage


You were on level 4 of the Dungeon.
You were hungry.

You visited 1 branch of the dungeon, and saw 5 of its levels.

You collected 291 gold pieces.

Inventory:

Hand Weapons
 t - a +5 scythe of protection (weapon)
Missiles
 u - 11 poisoned needles
Armour
 j - a +1 hat (worn)
Jewellery
 l - a ring of protection from fire (left tentacle)
 v - an amulet of rage (around mantle)
Wands
 f - a wand of acid (5)
 q - a wand of enslavement (19)
 x - a wand of polymorph (9)
Scrolls
 c - 4 scrolls of identify {unknown}
 e - 7 scrolls of teleportation {unknown}
 g - a scroll of amnesia {unknown}
 i - 2 scrolls of enchant armour {unknown}
 k - 3 scrolls of remove curse {unknown}
 n - a scroll of fear {unknown}
 o - 2 scrolls of fog {unknown}
 p - 2 scrolls of enchant weapon {unknown}
 r - a scroll of blinking {unknown}
 y - a scroll of magic mapping {unknown}
Potions
 a - 2 potions of heal wounds {unknown}
 d - 4 potions of brilliance {unknown}
 h - 2 potions of degeneration {unknown}
 m - a potion of lignification {unknown}
 s - 3 potions of haste {unknown}
 z - a potion of ambrosia {unknown}
 A - a potion of agility {unknown}
Comestibles
 b - 11 rations


   Skills:
 + Level 2.8 Fighting
 + Level 4.0 Polearms
 - Level 2.0 Dodging
 - Level 2.6 Stealth
 + Level 5.9 Spellcasting
 - Level 1.0 Conjurations
 - Level 2.0 Air Magic
 + Level 8.0 Poison Magic


You had 11 spell levels left.
You knew the following spells:

 Your Spells              Type           Power        Failure   Level  Hunger
a - Sting                 Conj/Pois      ###.         1%          1    None
b - Poisonous Vapours     Pois/Air       ###...       2%          2    None
c - Olgreb's Toxic Radia  Pois           ####....     4%          4    ####...

Your spell library contained the following spells:

 Spells                   Type           Power        Failure   Level  Hunger
 Mephitic Cloud           Conj/Pois/Air  ###.....     9%          3    ##.....
 Venom Bolt               Conj/Pois      ###.......   50%         5    #####..


Dungeon Overview and Level Annotations

Branches:
Dungeon (5/15)             Temple (0/1) D:5

Altars:
Ashenzari
Elyvilon
Kikubaaqudgha
Trog
Wu Jian
Beogh

Annotations:
D:4 exclusion: 2 downstairs


Innate Abilities, Weirdness & Mutations

You cannot wear most types of armour.
You are very stealthy in the water. (Stealth+)
You are amphibious.
You can wear up to eight rings at the same time.
You can use your tentacles to constrict eight enemies at once.
Your skin changes colour to match your surroundings (Stealth+).
Your rubbery body absorbs attacks. (AC +1, EV +1)


Message History

The ice beast barely misses you.
You barely miss the ice beast. Your squeeze misses the ice beast.
The ice beast hits you. The ice beast freezes you. The ice beast hits you.
The ice beast freezes you!
You closely miss the ice beast. The ice beast closely misses you.
The ice beast hits you. The ice beast freezes you!
You slash the ice beast!
Your weapon exudes an aura of protection.
The ice beast is moderately wounded.
The ice beast barely misses you.
You barely miss the ice beast.
The ice beast is moderately wounded.
The ice beast hits you. The ice beast freezes you!
* * * LOW HITPOINT WARNING * * *
The ice beast hits you but does no damage.
You see here a whip.
The ice beast hits you.
* * * LOW HITPOINT WARNING * * *
The ice beast freezes you!
You die...

### ##### #<# #<#.##### #.#
#.#.....# ..# #.#.###.########
### #.#.#.)..Y@....#
#.#.#.#.######.###########
#.#.#.#.##<..[...##......#
#.#.#.#.#####.[..##......#
#.#.#.#.# #....##......#
#####.#.#.#.# #####........#
#.....#.#...### #......###
###.....#.#[....#######..[...#
..........................>..#


You could see an ice beast.

Vanquished Creatures
  Grinder (D:4)
  Sigmund (D:3)
  Edmund (D:4)
  A centaur (D:5)
  A vampire bat (D:2)
  2 crimson imps (D:5)
  2 hounds
  4 orc priests
  2 bullfrog skeletons
  6 orc wizards
  3 worker ants
  A killer bee zombie (D:4)
  3 gnolls (D:3)
  3 adders
  2 oozes
  7 worms
  3 dart slugs
  5 leopard geckos
  32 orcs
  10 bats
  2 bat skeletons (D:2)
  4 bat zombies (D:2)
  2 giant cockroaches
  17 goblins
  9 hobgoblins
  4 jackals (D:3)
  9 kobolds
  A quokka (D:2)
  8 frilled lizards
  A giant cockroach zombie (D:5)
  A leopard gecko skeleton (D:5)
  9 rats
157 creatures vanquished.

Notes
Turn   | Place    | Note
-------+----------+-------------------------------------------
     0 | D:1      | TrumpTheGenius the Octopode Venom Mage began the quest for
                  | the Orb.
     0 | D:1      | Reached XP level 1. HP: 11/11 MP: 3/3
   347 | D:1      | Reached skill level 4 in Poison Magic
   502 | D:1      | Reached XP level 2. HP: 17/17 MP: 5/5
   506 | D:1      | Learned a level 2 spell: Poisonous Vapours
  1122 | D:1      | Reached XP level 3. HP: 17/21 MP: 6/6
  1321 | D:1      | Reached skill level 1 in Air Magic
  2935 | D:2      | Reached XP level 4. HP: 23/27 MP: 4/7
  3043 | D:2      | Found a white marble altar of Elyvilon.
  3098 | D:2      | Reached skill level 5 in Poison Magic
  3531 | D:2      | Found an ancient bone altar of Kikubaaqudgha.
  3553 | D:2      | Reached XP level 5. HP: 12/32 MP: 9/9
  4233 | D:2      | Learned a level 4 spell: Olgreb's Toxic Radiance
  4744 | D:3      | Reached skill level 1 in Fighting
  5108 | D:3      | Noticed Sigmund
  5113 | D:3      | Killed Sigmund
  5113 | D:3      | Reached skill level 6 in Poison Magic
  5113 | D:3      | Reached XP level 6. HP: 38/38 MP: 0/12
  5656 | D:3      | Reached XP level 7. HP: 43/43 MP: 0/13
  5827 | D:3      | Found a roughly hewn altar of Beogh.
  6219 | D:4      | Reached skill level 1 in Polearms
  6321 | D:4      | Found a bloodstained altar of Trog.
  6362 | D:4      | Noticed Grinder
  6366 | D:4      | Paralysed by Grinder for 3 turns
  6369 | D:4      | Reached skill level 5 in Spellcasting
  6369 | D:4      | Reached skill level 7 in Poison Magic
  6370 | D:4      | Killed Grinder
  6385 | D:4      | HP: 2/44 [poisoned by a worker ant]
  6393 | D:4      | HP: 1/44 [poisoned by a worker ant]
  6724 | D:4      | Reached XP level 8. HP: 23/50 MP: 16/16
  7175 | D:4      | Noticed Edmund
  7192 | D:4      | Killed Edmund
  7389 | D:5      | Entered Level 5 of the Dungeon
  7429 | D:5      | Found a shattered altar of Ashenzari.
  7624 | D:5      | Found an ornate altar of the Wu Jian Council.
  7745 | D:5      | Found a staircase to the Ecumenical Temple.
  8315 | D:5      | Reached skill level 8 in Poison Magic
  8660 | D:4      | Slain by an ice beast

Vault maps used:
D:1:      dpeg_arrival_rooms_with_view, serial_park_tiny_pond
D:2:      lemuel_doored_altar, kennysheep_vampire_church, minmay_misc_feat_tiny,
          chequers_serial_rivers_micro_a
D:3:      kennysheep_orc_chapel, uniq_sigmund
D:4:      kennysheep_mini, uniq_grinder, uniq_edmund
D:5:      evilmike_ruin_ashenzari, old_standard_altar,
          minmay_temple_entry_statues_fountains, first_ration

Skill      XL: |  1  2  3  4  5  6  7  8 |
---------------+-------------------------+-----
Poison Magic   | 4 5 6 7 8 |  8.0
Air Magic      | 1 2 |  2.0
Spellcasting   | 4 5 |  5.9
Fighting       | 1 2 |  2.8
Polearms       | 2 4 |  4.0
Dodging        | |  2.0
Stealth        | |  2.6
Conjurations   | |  1.0

Action                   |  1- 3 |  4- 6 |  7- 9 || total
-------------------------+-------+-------+-------++-------
Melee: Unarmed           |    99 |    76 |       ||   175
       Tentacles         |    15 |    21 |    11 ||    47
       Constrict         |    28 |    27 |    20 ||    75
       Scythe            |       |    12 |   104 ||   116
 Cast: Sting             |     7 |     1 |       ||     8
       Poisonous Vapours |    10 |    30 |    12 ||    52
       Olgreb's Toxic Ra |       |    10 |    12 ||    22
Evoke: Wand              |       |     1 |     2 ||     3
 Stab: Sleeping          |    15 |     5 |     8 ||    28
  Eat: Chunk             |     6 |    12 |    12 ||    30
Armor: Skin              |    14 |     8 |    26 ||    48
Dodge: Dodged            |    59 |    74 |    48 ||   181

Table legend:
 A = Non-vault XP
 B = Vault XP
 C = Vault XP percentage of total XP
 D = Non-vault monster count
 E = Vault monster count
 F = Vault count percentage of total count
                 A         B        C        D         E       F
            +---------+---------+-------+---------+---------+-------
      Total |    1126 |     851 |  43.0 |     140 |      17 |  10.8
            +---------+---------+-------+---------+---------+-------
        D:1 |      33 |       9 |  21.4 |      18 |       2 |  10.0
        D:2 |      74 |      69 |  48.3 |      31 |       7 |  18.4
        D:3 |     178 |     334 |  65.2 |      42 |       6 |  12.5
        D:4 |     332 |     439 |  56.9 |      17 |       2 |  10.5
        D:5 |     509 |       0 |   0.0 |      32 |       0 |   0.0
            +---------+---------+-------+---------+---------+-------
